 Dungeon Crawl Stone Soup version 0.29-a0-284-gf9362112df (webtiles) character file.

Game seed: 16097442202379002915

95 croobank the Skirmisher (level 4, -4/37 (41) HPs)
             Began as a Hill Orc Fighter on Mar 14, 2022.
             Was an Initiate of Beogh.
             Slain by a wight
             ... wielding a +0 great sword
              (12 damage)
             ... on level 3 of the Dungeon.
             The game lasted 00:07:43 (2631 turns).

croobank the Skirmisher (Hill Orc Fighter)          Turns: 2631, Time: 00:07:43

HP:   -4/37 (41)    AC: 11    Str: 20    XL:     4   Next: 66%
MP:   4/4           EV:  9    Int:  8    God:    Beogh [......]
Gold: 235           SH:  4    Dex: 10    Spells: 3/3 levels left

rFire   . . .      SeeInvis .   s - +3 short sword
rCold   . . .      Faith    .   c - +0 buckler
rNeg    . . .      Spirit   .   b - +0 scale mail
rPois   .          Reflect  .   t - +0 helmet
rElec   .          Harm     .   (no cloak)
rCorr   .          Rampage  .   l - +2 pair of gloves
Will    .....                   (no boots)
Stlth   ..........              (no amulet)
HPRegen 0.12/turn               (no ring)
MPRegen 0.09/turn               (no ring)

@: drained
A: no striking features
a: Renounce Religion


You were on level 3 of the Dungeon.
You worshipped Beogh.
Beogh was noncommittal.
You visited 1 branch of the dungeon, and saw 3 of its levels.

You collected 235 gold pieces.

Inventory:

Hand Weapons
 a - a +0 war axe
 e - a +0 long sword
 j - a +0 battleaxe
 q - a +0 hunting sling
 s - a +3 short sword (weapon)
Missiles
 f - 54 stones (quivered)
 k - 2 poisoned darts
Armour
 b - a +0 scale mail (worn)
 c - a +0 buckler (worn)
 d - a +2 leather armour of fire resistance
 l - a +2 pair of gloves (worn)
 t - a +0 helmet (worn)
Wands
 o - a wand of flame (14)
Scrolls
 g - a scroll of silence {unknown}
 h - a scroll of identify {unknown}
 i - a scroll of amnesia {unknown}
 n - a scroll of blinking
 p - a scroll of teleportation
 r - 2 scrolls of immolation
Potions
 m - a potion of attraction {unknown}
 u - a potion of haste {unknown}


   Skills:
 + Level 4.5 Fighting
 + Level 3.8 Axes
 + Level 4.0 Armour
 + Level 4.0 Shields
 + Level 0.3 Invocations


You had 3 spell levels left.
You didn't know any spells.
Your spell library contained the following spells:

 Spells                   Type           Power      Damage    Failure   Level
 Sublimation of Blood     Necr           0%         N/A       94%         2
 Petrify                  Tmut/Erth      0%         N/A       100%        4
 Irradiate                Conj/Tmut      0%         3d13      100%        5


Dungeon Overview and Level Annotations

Branches:
Dungeon (3/15)

Altars:
Wu Jian


Message History

You kill the adder!
Beogh accepts your kill.
Your Armour skill increases to level 4!
You see here an adder corpse.
You see here an adder corpse.
A giant cockroach comes into view.
You hit the giant cockroach but do no damage.
The giant cockroach bites you but does no damage.
You hit the giant cockroach.
The giant cockroach is almost dead.
The giant cockroach bites you but does no damage.
You block the giant cockroach's attack.
You hit the giant cockroach.
You kill the giant cockroach!
Beogh accepts your kill.
You see here a giant cockroach corpse.
You open the door. 2 wights come into view.
A wight is wielding a +6 flail of freezing.
Found a scroll labelled QIKEUNUCOT and 10 gold pieces.
Okay, then.
You see here a giant cockroach corpse.
The wight barely misses you.
You closely miss the wight. The wight closely misses you.
The wight hits you with a +0 great sword!
You barely miss the wight. The wight closely misses you.
You closely miss the wight. The wight hits you but does no damage.
You barely miss the wight.
The wight hits you with a +0 great sword!
You feel drained.
You completely miss the wight.
The wight hits you with a +0 great sword!
* * * LOW HITPOINT WARNING * * *
You feel drained.
You hit the wight.
The wight is moderately damaged.
The wight hits you but does no damage. The wight attacks as you move away!
The wight hits you with a +0 great sword!
You die...

#...)..# #.# #)####.# #.# +
#.####.# #.# .. #.##...# #.# .$
#.##.#######.# .8..
#.##.).......# .#...
#)############ ########...8..
#)################......'.....?
................@zz.....#...8..
#.##............##......##.#...
...#............##.......##.8 .
...#............##........# ..
...#............##........# ..
...#............##........# +
...#............##........#
#.##............###########
#...............#


You could see 2 wights.

Vanquished Creatures
  An orc wizard (D:3)
  2 adders (D:3)
  A dart slug (D:2)
  6 orcs (D:3)
  4 bats
  An endoplasm (D:2)
  3 giant cockroaches
  3 hobgoblins
  3 quokkas
  2 ball pythons
  2 frilled lizards
  5 goblins
  8 kobolds
  3 rats (D:2)
44 creatures vanquished.

Notes
Turn   | Place    | Note
-------+----------+-------------------------------------------
     0 | D:1      | croobank the Hill Orc Fighter began the quest for the Orb.
     0 | D:1      | Reached XP level 1. HP: 19/19 MP: 1/1
   304 | D:1      | Reached XP level 2. HP: 25/27 MP: 2/2
  1107 | D:2      | Found a faded altar of an unknown god.
  1322 | D:2      | Reached XP level 3. HP: 33/33 MP: 3/3
  2158 | D:3      | Reached XP level 4. HP: 12/41 MP: 4/4
  2468 | D:3      | Found an ornate altar of the Wu Jian Council.
  2546 | D:3      | Became a worshipper of Beogh the Brigand
  2631 | D:3      | Slain by a wight

Illustrated notes

Levels and vault maps discovered:
D:1:      eino_arrival_water_cross, layout_basic, dreamdust_wishing_well,
          st_stairs_2, minivault_4
D:2:      layout_basic, chequers_ecumenical_altar_island, minmay_unequal
D:3:      layout_basic, nicolae_wu_jian_glorious_leap, dk_noncrumbling_3,
          uniq_natasha

Skill      XL: |  1  2  3  4 |
---------------+-------------+-----
Axes           | 3 |  3.8
Fighting       | 4 |  4.5
Shields        | 4 |  4.0
Armour         | 4 |  4.0
Invocations    | |  0.3

Action                   |  1- 3 |  4- 6 || total
-------------------------+-------+-------++-------
Melee: War axe           |    59 |       ||    59
       Short sword       |    55 |    16 ||    71
Invok: Convert to Beogh  |       |     1 ||     1
  Use: Potion            |     3 |       ||     3
       Scroll            |       |     4 ||     4
Armor: Scale mail        |    66 |     9 ||    75
Dodge: Dodged            |    63 |     6 ||    69
Block: Buckler           |    29 |     3 ||    32

Table legend: (Time is in decaauts)
 A = Elapsed time spent in this place.
 B = Non-inter-level travel time spent in this place.
 C = Inter-level travel time spent in this place.
 D = Time resting spent in this place.
 E = Time spent auto-exploring this place.
 F = Levels seen in this place.
 G = Mean time per level.
                   A        B        C        D        E       F      G
               +--------+--------+--------+--------+--------+-----+--------+
         Total |   2666 |   2597 |     69 |    216 |   1759 |   3 |  888.7 |
       Dungeon |   2666 |   2597 |     69 |    216 |   1759 |   3 |  888.7 |
               +--------+--------+--------+--------+--------+-----+--------+

Top non-repeatable levels by time:
     D:2: 1092 daAuts
     D:1: 933 daAuts
     D:3: 640 daAuts
